 Dungeon Crawl Stone Soup version 0.31-a0-237-g2d982f9f85 (webtiles) character file.

Game seed: 12465200836716984115

9 qw the Shooter (level 2, 0/16 HPs)
             Began as a Gargoyle Hexslinger on July 10, 2023.
             Slain by a kobold
             ... wielding a +0 short sword
              (2 damage)
             ... on level 1 of the Dungeon.
             The game lasted 00:00:06 (113 turns).

qw the Shooter (Gargoyle Hexslinger)                 Turns: 113, Time: 00:00:07

Health: 0/16       AC:  4    Str: 11    XL:     2   Next: 16%
Magic:  3/3        EV: 12    Int: 13    God:
Gold:   14         SH:  0    Dex: 12    Spells: 2/3 levels left

rFire   . . .        a - +1 sling
rCold   . . .        (no shield)
rNeg    + . .        c - +0 robe
rPois   inf          (no helmet)
rElec   +            (no cloak)
rCorr   .            (no gloves)
SInv    .            (no boots)
Will    .....        (no amulet)
Stlth   +            (no ring)
HPRegen 0.22/turn    (no ring)
MPRegen 0.08/turn

%: no passive effects
@: no status effects
A: sickness immunity, AC +2, negative energy resistance 1, electricity
resistance, torment resistance 1, petrification resistance
a: no special abilities


You were on level 1 of the Dungeon.
You visited 1 branch of the dungeon, and saw 1 of its levels.

You collected 14 gold pieces.


Innate Abilities, Weirdness & Mutations

You are immune to sickness and miasma.
Your stone body is resilient. (AC +2)
You are immune to poison.
You resist negative energy. (rN+)
You are resistant to electric shocks. (rElec)
You are resistant to unholy torment.
You are immune to petrification.


   Skills:
 - Level 1.1 Fighting
 + Level 2.8 Ranged Weapons
 - Level 1.5 Dodging
 - Level 1.0 Spellcasting
 - Level 2.6 Hexes


You had 2 spell levels left.
You knew the following spells:

 Your Spells              Type           Power      Damage    Failure   Level
a - Slow                  Hex            28%        N/A       10%         1

Your spell library contained the following spells:

 Spells                   Type           Power      Damage    Failure   Level
 Inner Flame              Hex/Fire       4%         N/A       43%         3
 Portal Projectile        Hex/Tloc       8%         N/A       43%         3
 Cause Fear               Hex            3%         N/A       67%         4

Inventory:

Hand Weapons
 a - a +1 sling (weapon)
Armour
 c - a +0 robe (worn)
 d - a +0 pair of gloves
Scrolls
 b - a scroll of poison

Dungeon Overview and Level Annotations

Branches:
Dungeon (1/15)

Altars:


Message History

The kobold closely misses you.
You shoot a sling bullet.
The sling bullet closely misses the kobold.
The dart slug launches a dart at you. The slug dart misses you.
The kobold hits you but does no damage.
You shoot a sling bullet.
The sling bullet closely misses the kobold.
The kobold hits you with a +0 short sword.
The dart slug launches a dart at you. The slug dart hits you.
You shoot a sling bullet.
The sling bullet closely misses the kobold.
The kobold hits you with a +0 short sword.
The dart slug launches a dart at you. The slug dart hits you.
The kobold closely misses you.
You shoot a sling bullet.
The sling bullet closely misses the kobold.
The kobold hits you but does no damage.
You shoot a sling bullet.
The sling bullet hits the dart slug but does no damage.
The kobold closely misses you. The dart slug barely misses you.
You shoot a sling bullet.
The sling bullet hits the dart slug but does no damage.
The kobold barely misses you. The dart slug launches a dart at you.
The slug dart misses you.
You shoot a sling bullet. The sling bullet hits the dart slug.
The dart slug is moderately wounded.
The kobold closely misses you. The kobold misses you.
The dart slug barely misses you.
You shoot a sling bullet. The sling bullet hits the dart slug.
The dart slug is almost dead.
The kobold closely misses you.
You shoot a sling bullet. The sling bullet hits the dart slug.
You kill the dart slug!
The kobold hits you with a +0 short sword.
You shoot a sling bullet.
The sling bullet closely misses the kobold.
The kobold hits you with a +0 short sword.
You die...

###.####......# #..
#.#####...........###..
#......................
########......#........
#......#........
###......#######..
#........# #..
##.######.# #.. #K@# .#
#.. #)## #.. #...K# #..
#..#.# ... #..# w. #...
#..# ... #### #..# .#
#... . #.#.


You could see a kobold.

Vanquished Creatures
  A dart slug (D:1)
  2 endoplasms (D:1)
  2 hobgoblins (D:1)
  A kobold (D:1)
  A rat (D:1)
7 creatures vanquished.

Notes
Turn   | Place    | Note
-------+----------+-------------------------------------------
     0 | D:1      | qw the Gargoyle Hexslinger began the quest for the Orb.
     0 | D:1      | Reached XP level 1. HP: 12/12 MP: 2/2
     0 | D:1      | 0 ||| qw: Version: 0.3-a-52-g30416fa
     0 | D:1      | 0 ||| qw: Game counter: 5320
     0 | D:1      | 0 ||| qw: Melee chars always use a shield: true
     0 | D:1      | 0 ||| qw: God list: Okawaru
     0 | D:1      | 0 ||| qw: Allow faded altars: false
     0 | D:1      | 0 ||| qw: Do Orc after clearing Dungeon:15 true
     0 | D:1      | 0 ||| qw: Do second Lair branch before Depths: true
     0 | D:1      | 0 ||| qw: Lair rune preference: random
     0 | D:1      | 0 ||| qw: Goals: Normal
     0 | D:1      | 0 ||| PLANNING D:1-11
    75 | D:1      | 75 ||| Stepping ~*~*~tactically~*~*~ (outnumbered).
    78 | D:1      | 78 ||| Stepping ~*~*~tactically~*~*~ (outnumbered).
    86 | D:1      | 86 ||| Stepping ~*~*~tactically~*~*~ (outnumbered).
   103 | D:1      | Reached XP level 2. HP: 12/16 MP: 3/3
   106 | D:1      | HP: 4/16 [dart slug/slug dart (2)]
   112 | D:1      | HP: 2/16 [kobold/+0 short sword (4)]
   113 | D:1      | Slain by a kobold

Levels and vault maps discovered:
D:1:      dpeg_arrival_refuge, layout_basic, minmay_hexomino_f4

Action                     || total
---------------------------++-------
   Fire: Sling             ||    42
 Armour: Robe              ||     7
  Dodge: Dodged            ||    28

Table legend:
 A = Non-vault XP
 B = Vault XP
 C = Vault XP percentage of total XP
 D = Non-vault monster count
 E = Vault monster count
 F = Vault count percentage of total count
                 A         B        C        D         E       F
            +---------+---------+-------+---------+---------+-------
      Total |       5 |       9 |  64.3 |       3 |       4 |  57.1
            +---------+---------+-------+---------+---------+-------
        D:1 |       5 |       9 |  64.3 |       3 |       4 |  57.1
            +---------+---------+-------+---------+---------+-------
